 Dungeon Crawl Stone Soup version 0.31.0-32-g396128a36d (webtiles) character file.

Game seed: 11781607877209096007

264 hawla the Firebug (level 5, 0/28 HPs)
             Began as a Deep Elf Fire Elementalist on Apr 14, 2024.
             Slain by an orc
             ... wielding a +0 club
              (2 damage)
             ... on level 4 of the Dungeon.
             The game lasted 00:06:14 (3138 turns).

hawla the Firebug (Deep Elf Fire Elementalist)      Turns: 3138, Time: 00:06:15

Health: 0/28       AC:  3    Str:  5    XL:     5   Next: 98%
Magic:  0/12       EV: 12    Int: 22    God:
Gold:   125        SH:  0    Dex: 15    Spells: 4/11 levels left

rFire   . . .        n - +4 quarterstaff (chaos)
rCold   . . .        (shield currently unavailable)
rNeg    . . .        a - +0 robe
rPois   .            (no helmet)
rElec   .            k - +0 cloak {rCorr}
rCorr   +            (no gloves)
SInv    .            (no boots)
Will    .....        (no amulet)
Stlth   ++           (no ring)
HPRegen 0.24/turn    (no ring)
MPRegen 0.13/turn

%: no passive effects
@: no status effects
A: no striking features
a: no special abilities


You were on level 4 of the Dungeon.
You visited 1 branch of the dungeon, and saw 4 of its levels.

You collected 125 gold pieces.

Inventory:

Hand Weapons
 n - a +4 quarterstaff of chaos (weapon)
Armour
 a - a +0 robe (worn)
 k - a +0 cloak of preservation (worn)
Wands
 o - a wand of paralysis (8) (quivered)
Scrolls
 c - 4 scrolls of identify {unknown}
 d - a scroll of poison {unknown}
 e - a scroll of immolation {unknown}
 i - a scroll of amnesia {unknown}
 l - a scroll of teleportation {unknown}
Potions
 b - a potion of magic
 f - a potion of enlightenment {unknown}
 g - 2 potions of attraction {unknown}
 h - a potion of mutation {unknown}
 j - a potion of curing {unknown}
 m - a potion of lignification {unknown}


   Skills:
 - Level 0.1 Short Blades
 - Level 0.1 Staves
 - Level 2.4 Dodging
 - Level 2.4 Stealth
 + Level 3.7 Spellcasting
 + Level 2.7 Conjurations
 + Level 6.2 Fire Magic
 + Level 1.7 Evocations


You had 4 spell levels left.
You knew the following spells:

 Your Spells              Type           Power      Damage    Failure   Level
a - Foxfire               Conj/Fire      92%        2x1d8     1%          1
b - Scorch                Fire           62%        2d7       1%          2
c - Flame Wave            Conj/Fire      23%        2d8       19%         4

Your spell library contained the following spells:

 Spells                   Type           Power      Damage    Failure   Level
 Inner Flame              Hex/Fire       17%        N/A       10%         3
 Volatile Blastmotes      Fire/Tloc      34%        2d12      10%         3
 Ensorcelled Hibernation  Hex/Ice        8%         N/A       17%         2
 Passwall                 Erth           4%         N/A       34%         3
 Swiftness                Air            4%         N/A       34%         3


Dungeon Overview and Level Annotations

Branches:
Dungeon (4/15)
 Temple: D:4-7

Altars:
Uskayaw


Message History

Confirm with . or Enter, or press ? or * to list all spells.
Flames lash the ogre.
The ogre is moderately wounded.
The ogre's fire resistance burns away.
The foxfire hits the ogre!
The ogre is burned terribly!
The ogre is severely wounded.
The foxfire hits the ogre!
The ogre is burned terribly!
The ogre is almost dead.
The ogre hits you with a +0 giant club!
Casting: Scorch (safe; 1% risk of failure)
Confirm with . or Enter, or press ? or * to list all spells.
Flames lash the orc.
You kill the orc!
You hear a bark! x2
The ogre hits you with a +0 giant club!
Ouch! That really hurt!
* * * LOW HITPOINT WARNING * * *
Casting: Scorch (safe; 1% risk of failure)
Confirm with . or Enter, or press ? or * to list all spells.
Flames lash the ogre.
The ogre is burned terribly!
You kill the ogre!
Your Evocations skill increases to level 1!
Unknown command.
Casting: Scorch (safe; 1% risk of failure)
Confirm with . or Enter, or press ? or * to list all spells.
You conjure some foxfire!
A jackal comes into view.
Casting: Foxfire (safe; 1% risk of failure)
Confirm with . or Enter, or press ? or * to list all spells.
Flames lash the orc.
You kill the orc!
The foxfire hits the orc.
The orc is severely wounded.
The foxfire hits the orc but does no damage.
Casting: Scorch (safe; 1% risk of failure)
Confirm with . or Enter, or press ? or * to list all spells.
You conjure some foxfire!
The orc hits you with a +0 dagger.
* * * LOW HITPOINT WARNING * * *
The orc hits you with a +0 club.
You die...

.....#. ..#.
.h...#.##........
.......#........#...
................#...
..#.... ...........#..
....)..##............# .
......ov.............##.
#....oo@#...............
#.....v§§#..............
#.......#.#...(.........
.........###............
.....#..............#...
#..!###.......#....#....
#... .......###..#.#...
... ...........#.#.#...
..####...#..#####...


You could see 3 orcs and a jackal.

Vanquished Creatures
  An ogre (D:4)
  Crazy Yiuf (D:2)
  Jessica (D:2)
  Natasha (D:4)
  An adder (D:4)
  A dart slug (D:1)
  A ribbon worm (D:2)
  10 orcs
  4 ball pythons
  8 bats
  5 endoplasms
  4 giant cockroaches
  6 goblins
  7 hobgoblins
  2 jackals (D:2)
  7 kobolds
  4 quokkas
  4 frilled lizards
  5 rats
73 creatures vanquished.

Vanquished Creatures (others)
  128 foxfires
128 creatures vanquished.

Grand Total: 201 creatures vanquished

Notes
Turn   | Place    | Note
-------+----------+-------------------------------------------
     0 | D:1      | hawla the Deep Elf Fire Elementalist began the quest for
                  | the Orb.
     0 | D:1      | Reached XP level 1. HP: 10/10 MP: 6/6
   117 | D:1      | Reached XP level 2. HP: 15/15 MP: 2/8
   120 | D:1      | Learned a level 2 spell: Scorch
   233 | D:1      | Reached skill level 4 in Fire Magic
   479 | D:1      | Reached XP level 3. HP: 19/19 MP: 0/9
   555 | D:1      | Found a faded altar of an unknown god.
  1039 | D:2      | Reached skill level 5 in Fire Magic
  1323 | D:2      | Found a runed translucent door.
  1324 | D:2      | Noticed Crazy Yiuf
  1352 | D:2      | Noticed Jessica
  1354 | D:2      | Killed Jessica
  1355 | D:2      | Reached XP level 4. HP: 22/24 MP: 5/10
  1479 | D:2      | Learned a level 4 spell: Flame Wave
  2037 | D:2      | Killed Crazy Yiuf
  2909 | D:3      | Found a hide-covered altar of Uskayaw.
  2961 | D:4      | Noticed Natasha
  2967 | D:4      | Killed Natasha
  2968 | D:4      | Reached XP level 5. HP: 27/28 MP: 4/11
  2971 | D:4      | Reached skill level 6 in Fire Magic
  3129 | D:4      | Noticed an ogre
  3135 | D:4      | Killed an ogre
  3136 | D:4      | Reached skill level 1 in Evocations
  3138 | D:4      | Slain by an orc

Illustrated notes

Levels and vault maps discovered:
D:1:      erik_arrival_orb_chamber, layout_rooms, ebering_ecumenical_altar_box,
          minivault_26, nicolae_kite_square_tiling_tiny,
          minmay_misc_feat_nine_boxes, minmay_surrounded
D:2:      layout_basic, uniq_crazy_yiuf_cottage, uniq_jessica
D:3:      layout_loops_ring, nicolae_uskayaw_suspiria
D:4:      layout_layer_cave, gup_sewer_entry_bowl, uniq_natasha, uniq_pargi

Skill      XL: |  1  2  3  4  5 |
---------------+----------------+-----
Fire Magic     | 4 5 6 |  6.2
Conjurations   | 2 |  2.7
Evocations     | 1 |  1.7
Short Blades   | |  0.1
Staves         | |  0.1
Dodging        | |  2.4
Stealth        | |  2.4
Spellcasting   | |  3.7

Action                     |  1- 3 |  4- 6 || total
---------------------------+-------+-------++-------
  Melee: Unarmed           |     5 |       ||     5
         Punch             |     1 |       ||     1
         Dagger            |       |     4 ||     4
         Quarterstaff      |       |     5 ||     5
   Cast: Foxfire           |    57 |    18 ||    75
         Scorch            |     7 |    19 ||    26
         Flame Wave        |       |     1 ||     1
   Stab: Sleeping          |       |     1 ||     1
 Armour: Robe              |    10 |    13 ||    23
  Dodge: Dodged            |     8 |    10 ||    18
